 Dungeon Crawl Stone Soup version 0.32-a0-814-g0968bab981 (webtiles) character file.

Game seed: 3316844152940477651

63 warriortoast the Ruffian (level 4, -3/29 HPs)
             Began as an Octopode Shapeshifter on Mar 22, 2024.
             Slain by Grinder (4 damage)
             ... while paralysed by Grinder
             ... on level 3 of the Dungeon.
             The game lasted 00:04:20 (1964 turns).

warriortoast the Ruffian (Octopode Shapeshifter)    Turns: 1964, Time: 00:04:21

Health: -3/29      AC:  1    Str: 21    XL:     4   Next: 9%
Magic:  4/4        EV:  2    Int: 12    God:
Gold:   185        SH:  0    Dex: 11    Spells: 3/3 levels left

rFire   . .          .
                       - Unarmed
rCold   . . .        (no shield)
rNeg    . . .        (helmet currently unavailable)
rPois   .            (no amulet)
rElec   .            k - +6 ring of strength
rCorr   .            (no ring)
SInv    .            (no ring)
Will    .....        (no ring)
Stlth   +++          (no ring)
HPRegen 0.24/turn    (no ring)
MPRegen 0.09/turn    (no ring)
                     (no ring)

%: no passive effects
@: paralysed, beast-form
A: beast (slay +1), almost no armour, amphibious, 8 rings, camouflage 1,
gelatinous body 1, (nimble swimmer 1), tentacles
a: Begin Untransformation


You were on level 3 of the Dungeon.
You were a hulking beast.
You visited 1 branch of the dungeon, and saw 3 of its levels.

You collected 1151 gold pieces.
You spent 966 gold pieces at shops.

Inventory:

Jewellery
 k - a +6 ring of strength (left tentacle)
 o - an amulet of faith
Talismans
 b - a beast talisman (active)
 c - a flux talisman
 l - a blade talisman
Scrolls
 d - a scroll of blinking
 e - a scroll of silence
 f - 2 scrolls of noise
 i - a scroll of poison
 j - a scroll of teleportation
 m - a scroll of vulnerability
 q - a scroll of amnesia {unknown}
 r - a scroll of revelation
Potions
 a - a potion of lignification
 g - a potion of heal wounds
 h - 2 potions of curing
 p - a potion of mutation


   Skills:
 + Level 2.0 Fighting
 - Level 2.0 Dodging
 + Level 2.2 Stealth
 + Level 3.6 Unarmed Combat
 + Level 3.4 Shapeshifting


You had 3 spell levels left.
You didn't know any spells.
Your spell library contained the following spells:

 Spells                   Type           Power      Damage    Failure   Level
 Ensorcelled Hibernation  Hex/Ice        0%         N/A       45%         2
 Jinxbite                 Hex            0%         N/A       45%         2
 Fugue of the Fallen      Necr           0%         N/A       69%         3
 Gell's Gravitas          Tloc           0%         N/A       69%         3
 Teleport Other           Tloc           0%         N/A       69%         3
 Anguish                  Hex/Necr       0%         N/A       97%         4
 Yara's Violent Unravell  Hex/Alch       0%         3d3       100%        5
 Dispersal                Tloc           0%         N/A       100%        6
 Enfeeble                 Hex            0%         N/A       100%        7
 Haunt                    Necr/Summ      0%         N/A       100%        7
 Borgnjor's Revivificati  Necr           0%         N/A       100%        8
 Death's Door             Necr           0%         N/A       100%        9


Dungeon Overview and Level Annotations

Branches:
Dungeon (3/15)

Altars:
Elyvilon
Yredelemnul
The Shining One

Shops:
D:1 *   D:3 ?

Annotations:
D:3 Grinder


Innate Abilities, Weirdness & Mutations

You are a hulking beast.
Your limbs bulge with bestial killing power. (Slay +1)
You cannot wear most types of armour.
You are amphibious.
You can wear up to eight rings at the same time.
Your skin changes colour to match your surroundings (Stealth+).
Your rubbery body absorbs attacks. (AC +1, EV +1)
((You are camouflaged when in or above water. (Stealth+)))
You have tentacles for arms and can constrict up to eight enemies at once.


Message History

The ball python bites you. The ball python constricts you.
You tentacle-slap the ball python.
You kill the ball python!
No target in view!
No target in view!
HP restored.
You pick up a There-And-Back Book and begin reading...
You add the spells Gell's Gravitas, Teleport Other and Dispersal to your library.
Found a stone staircase leading down.
Grinder comes into view.
Grinder is nearby!
Found a robe.
No target in view!
Found a spear.
Grinder gestures at you.
You barely resist. You barely miss Grinder. You grab Grinder.
You squeeze Grinder.
Grinder is lightly wounded.
You constrict Grinder. Grinder hits you!
You writhe in agony.
You tentacle-slap Grinder. You squeeze Grinder!
Grinder is heavily wounded.
You constrict Grinder. Grinder barely misses you.
You tentacle-slap Grinder.
Grinder is almost dead.
You constrict Grinder. Grinder hits you!
You are too injured to fight recklessly!
You are too injured to fight recklessly!
You completely miss Grinder. You squeeze Grinder.
Grinder is almost dead.
You constrict Grinder. Grinder gestures at you.
You suddenly lose the ability to move!
You lose your grip on Grinder.
Grinder hits you but does no damage. Grinder hits you.
* * * LOW HITPOINT WARNING * * *
You writhe in agony.
* * * LOW HITPOINT WARNING * * *
Grinder hits you.
You die...
Grinder says, "Hey, I wasn't done torturing you yet!"

.# .# ##
#########
#.......#
#.......#
#.......#
####.......#
.....$.>5.)#
#.[.h...#
####.######
#.........#
#.........#
#.$.......#
##
#.........#
.######
#.........#
......#
#.....†...#
......#
#.........#


You could see Grinder.

Vanquished Creatures
  An adder (D:3)
  A dart slug (D:2)
  A ribbon worm (D:3)
  An orc (D:3)
  5 ball pythons
  3 endoplasms (D:2)
  4 giant cockroaches
  2 hobgoblins
  9 jackals
  2 bats (D:1)
  A frilled lizard (D:1)
  5 goblins
  2 kobolds
  7 rats
44 creatures vanquished.

Notes
Turn   | Place    | Note
-------+----------+-------------------------------------------
     0 | D:1      | warriortoast the Octopode Shapeshifter began the quest for
                  | the Orb.
     0 | D:1      | Reached XP level 1. HP: 13/13 MP: 1/1
   270 | D:1      | Found Taph's General Store.
   289 | D:1      | Reached skill level 1 in Stealth
   289 | D:1      | Reached XP level 2. HP: 15/18 MP: 2/2
   296 | D:1      | Bought a scroll of teleportation for 42 gold pieces
   720 | D:2      | Found a glowing golden altar of the Shining One.
   749 | D:2      | Reached XP level 3. HP: 23/23 MP: 3/3
  1525 | D:3      | Found a basalt altar of Yredelemnul.
  1585 | D:3      | Found a white marble altar of Elyvilon.
  1625 | D:3      | Reached XP level 4. HP: 28/29 MP: 4/4
  1656 | D:3      | Found Osiler's Magic Scroll Emporium.
  1664 | D:3      | Bought a scroll of revelation for 90 gold pieces
  1872 | D:3      | Identified a scroll of acquirement
  1872 | D:3      | Acquired 1011 gold pieces
  1875 | D:3      | Bought a scroll of silence for 114 gold pieces
  1875 | D:3      | Bought a scroll of poison for 48 gold pieces
  1875 | D:3      | Bought a scroll of acquirement for 624 gold pieces
  1875 | D:3      | Bought a scroll of vulnerability for 48 gold pieces
  1875 | D:3      | Acquired a +6 ring of strength
  1949 | D:3      | Noticed Grinder
  1961 | D:3      | Paralysed by Grinder for 5 turns
  1963 | D:3      | HP: 1/29 [Grinder (6)]
  1964 | D:3      | Slain by Grinder

Illustrated notes

Levels and vault maps discovered:
D:1:      lightli_iron_boxes, layout_basic, serial_shops, shop,
          kennysheep_doodads
D:2:      layout_basic, basic_altar, serial_rivers,
          chequers_serial_rivers_micro_d, chequers_serial_rivers_micro_d,
          chequers_serial_rivers_large_b, chequers_serial_rivers_micro_a,
          chequers_serial_rivers_micro_e, minmay_tromino_v4_b
D:3:      layout_basic, kennysheep_ying_yang, serial_shops,
          nicolae_shop_crystal, uniq_ijyb, uniq_sigmund, uniq_grinder

Skill      XL: |  1  2  3  4 |
---------------+-------------+-----
Stealth        | 1 2 |  2.2
Fighting       | 2 |  2.0
Dodging        | |  2.0
Unarmed Combat | |  3.6
Shapeshifting  | |  3.4

Action                     |  1- 3 |  4- 6 || total
---------------------------+-------+-------++-------
  Melee: Unarmed           |    70 |     8 ||    78
         Constrict         |    20 |     2 ||    22
         Tentacles         |     9 |     3 ||    12
    Use: Scroll            |       |    10 ||    10
   Stab: Sleeping          |     6 |       ||     6
 Armour: Skin              |    34 |     9 ||    43
  Dodge: Dodged            |    45 |     2 ||    47

Table legend: (Time is in decaauts)
 A = Elapsed time spent in this place.
 B = Non-inter-level travel time spent in this place.
 C = Inter-level travel time spent in this place.
 D = Time resting spent in this place.
 E = Time spent auto-exploring this place.
 F = Levels seen in this place.
 G = Mean time per level.
                   A        B        C        D        E       F      G
               +--------+--------+--------+--------+--------+-----+--------+
         Total |   1958 |   1922 |     36 |    200 |   1427 |   3 |  652.7 |
       Dungeon |   1958 |   1922 |     36 |    200 |   1427 |   3 |  652.7 |
               +--------+--------+--------+--------+--------+-----+--------+

Top non-repeatable levels by time:
     D:2: 900 daAuts
     D:1: 540 daAuts
     D:3: 518 daAuts
